 Dungeon Crawl Stone Soup version 0.24.0-123-gd5b16e6ec5 (webtiles) character file.

Game seed: 4461746516104851984, levelgen mode: deterministic

1190 Ereth the Cleaver (level 8, -9/69 HPs)
             Began as a Hill Orc Fighter on Jan 2, 2020.
             Killed by divine providence
             ... invoked by an orc priest
              (11 damage)
             ... on level 5 of the Dungeon.
             The game lasted 00:13:21 (5719 turns).

Ereth the Cleaver (Hill Orc Fighter)                Turns: 5719, Time: 00:13:23

Health: -9/69      AC:  8    Str: 20    XL:     8   Next: 43%
Magic:  8/8        EV:  6    Int:  8    God:
Gold:   180        SH: 10    Dex: 11    Spells: 7/7 levels left

rFire    . . .     SeeInvis .   a - +2 war axe
rCold    . . .     Gourm    .   c - +0 shield
rNeg     . . .     Faith    .   p - +0 chain mail
rPois    .         Spirit   .   (no helmet)
rElec    .         Reflect  .   (no cloak)
rCorr    .         Harm     .   i - +1 pair of gloves
MR       .....                  (no boots)
Stlth    ..........             (no amulet)
HPRegen  0.21/turn              r - ring of flight
MPRegen  0.11/turn              (no ring)

@: corroded, very slightly contaminated
A: no striking features
a: Convert to Beogh, Evoke Flight


You were on level 5 of the Dungeon.
You were not hungry.

You visited 2 branches of the dungeon, and saw 7 of its levels.

You collected 180 gold pieces.

Inventory:

Hand Weapons
 a - a +2 war axe (weapon)
Armour
 c - a +0 shield (worn)
 i - a +1 pair of gloves (worn)
 p - a +0 chain mail (worn)
Jewellery
 r - a ring of flight (left hand)
 u - the cursed necklace of Bloodlust {*Rage +Rage MR++ Int-3 Slay+6 *Curse}
   (You found it on level 6 of the Dungeon)

   [amulet of rage]

   It affects your intelligence (-3).
   It affects your accuracy and damage with ranged weapons and melee attacks
   (+6).
   It affects your resistance to hostile enchantments.
   It lets you go berserk.
   It may make you go berserk in combat.
   It curses itself when equipped.
   It has a curse placed upon it.
Wands
 v - a wand of iceblast (9)
Scrolls
 h - 3 scrolls of blinking
 k - 7 scrolls of teleportation
 o - a scroll of identify
 q - a scroll of magic mapping
 t - a scroll of remove curse
Potions
 b - 2 potions of flight
 d - a potion of might
 e - 6 potions of curing {unknown}
 g - a potion of degeneration {unknown}
 j - 2 potions of heal wounds {unknown}
 l - a potion of haste {unknown}
 m - 2 potions of brilliance {unknown}
 n - a potion of invisibility {unknown}
 s - a potion of cancellation {unknown}
Comestibles
 f - 6 rations


   Skills:
 + Level 5.4 Fighting
 + Level 9.1 Axes
 + Level 5.8 Armour
 + Level 1.1 Dodging
 + Level 0.5 Stealth
 + Level 5.5 Shields


You had 7 spell levels left.
You didn't know any spells.
Your spell library was empty.

Dungeon Overview and Level Annotations

Branches:
Dungeon (6/15)             Temple (1/1) D:4

Altars:
Ashenzari
Cheibriados
Dithmenos
Elyvilon
Fedhas
Gozag
Hepliaklqana
Kikubaaqudgha
Makhleb
Nemelex Xobeh
Sif Muna
Trog
Uskayaw
Wu Jian
Xom
Yredelemnul
Zin
The Shining One


Message History

You are very lightly contaminated with residual magic.
As you read the scroll of blinking, it crumbles to dust.
The orc wizard points at you and mumbles some strange words.
You block the puff of flame. You block the orc priest's attack.
The jelly barely misses you.
You climb upwards.
There is a stone staircase leading down here.
You hit the jelly but do no damage.
Your hands burn!
* * * LOW HITPOINT WARNING * * *
The jelly is almost dead.
You barely miss the orc priest.
The orc priest threatens, "By the altar or by the axe, you will meet Beogh!"
The orc priest hits you but does no damage.
The jelly hits you.
* * * LOW HITPOINT WARNING * * *
The acid corrodes you!
You are splashed with acid!
* * * LOW HITPOINT WARNING * * *
The orc priest mumbles some strange prayers to Beogh against you.
Beogh smites you!
You die...

#.# ♣.♣ #....#.#
#.#♣♣.♣♣###....#..
#.........#....###
#.#♣♣.♣♣#......... #.# ♣.♣
######.### #.###.#
#......... #.....#
########.. ####..# ##.
###@J...## ####..
#..o###..# #.....
#############.### ##.#
###.####
#...^.........#### #.#
#...###.
#.######+##..#...#
#.####.###... #.#
##...##.....# #...#..#
#.## #.# ##.....###..>#
###...## #.#
#.###.8...8.##...####..###
#.#
#.##.#.....#.##......#.###
#.#


You could see a jelly and an orc priest.

Vanquished Creatures
  Prince Ribbit (D:5)
  Duvessa (D:5)
  A phantom (D:4)
  Dowan (D:5)
  5 crimson imps
  A hound (D:3)
  2 orc priests
  A bullfrog skeleton (D:6)
  A centaur skeleton (D:6)
  3 orc wizards (D:4)
  2 iguanas (D:5)
  Ijyb (D:5)
  2 worker ants (D:4)
  4 gnolls (D:3)
  8 adders
  An ooze (D:2)
  An adder skeleton (D:4)
  4 worms
  4 dart slugs
  3 leopard geckos
  8 orcs
  2 giant cockroaches
  9 goblins
  8 hobgoblins
  12 jackals
  2 ball pythons (D:1)
  10 bats
  8 frilled lizards
  7 kobolds
  2 quokka zombies (D:6)
  8 rats
123 creatures vanquished.

Notes
Turn   | Place    | Note
-------+----------+-------------------------------------------
     0 | D:1      | Ereth the Hill Orc Fighter began the quest for the Orb.
     0 | D:1      | Reached XP level 1. HP: 19/19 MP: 1/1
   154 | D:1      | Reached XP level 2. HP: 27/27 MP: 2/2
   320 | D:1      | Reached skill level 3 in Axes
   320 | D:1      | Reached XP level 3. HP: 23/33 MP: 3/3
  1448 | D:2      | Reached XP level 4. HP: 40/40 MP: 4/4
  1627 | D:2      | Reached skill level 4 in Axes
  2121 | D:3      | Reached XP level 5. HP: 47/47 MP: 5/5
  2134 | D:3      | Found a glowing golden altar of the Shining One.
  2138 | D:3      | Found a hazy altar of Hepliaklqana.
  2305 | D:3      | Reached skill level 5 in Axes
  2603 | D:3      | Found a shimmering altar of Xom.
  2651 | D:3      | Found a burning altar of Makhleb.
  2714 | D:3      | Reached skill level 6 in Axes
  2714 | D:3      | Reached XP level 6. HP: 46/53 MP: 6/6
  2918 | D:3      | Found a shimmering blue altar of Sif Muna.
  3173 | D:3      | Found a shadowy altar of Dithmenos.
  3633 | D:4      | Reached skill level 7 in Axes
  3633 | D:4      | Reached XP level 7. HP: 60/60 MP: 7/7
  3679 | D:4      | Found a staircase to the Ecumenical Temple.
  3692 | Temple   | Entered the Ecumenical Temple
  4285 | D:4      | Found a sparkling altar of Nemelex Xobeh.
  4314 | D:4      | Found a shattered altar of Ashenzari.
  4364 | D:4      | Reached skill level 5 in Armour
  4364 | D:4      | Reached skill level 1 in Dodging
  4905 | D:5      | Entered Level 5 of the Dungeon
  5082 | D:5      | Found a basalt altar of Yredelemnul.
  5096 | D:5      | Noticed Ijyb
  5096 | D:5      | Paralysed by Ijyb for 2 turns
  5104 | D:5      | Killed Ijyb
  5140 | D:5      | Noticed Duvessa
  5140 | D:5      | Noticed Dowan
  5147 | D:5      | Killed Duvessa
  5147 | D:5      | Reached skill level 5 in Fighting
  5147 | D:5      | Reached skill level 8 in Axes
  5147 | D:5      | Reached skill level 5 in Shields
  5155 | D:5      | Killed Dowan
  5155 | D:5      | Reached XP level 8. HP: 68/68 MP: 8/8
  5284 | D:5      | Noticed Prince Ribbit
  5299 | D:5      | Killed Prince Ribbit
  5615 | D:6      | Found the cursed necklace of Bloodlust {*Rage +Rage MR++
                  | Int-3 Slay+6 *Curse}
  5631 | D:6      | Reached skill level 9 in Axes
  5719 | D:5      | HP: 2/69 [acid (8)]
  5719 | D:5      | Killed from afar by an orc priest

Levels and vault maps discovered:
D:1:      dpeg_arrival_water_fire, layout_basic, serial_glass, glass_columns_a,
          glass_columns_b, glass_columns_b, glass_columns_a, glass_columns_a,
          glass_columns_b, glass_columns_a, glass_columns_a,
          minmay_split_cup_small
D:2:      layout_rooms, uniq_crazy_yiuf_cottage
D:3:      layout_basic, led_xom_imps, nicolae_overflow_crystal_walls,
          bloody_makhleb, grunt_temple_overflow_open,
          nicolae_dithmenos_through_a_glass_darkly
D:4:      layout_loops_ring, ashenzari_conservatory_becter,
          nemelex_xobeh_ov_fountains_minmay, minmay_temple_entry_grid,
          minmay_misc_feat_alley, kennysheep_small_spiral, minmay_circle_x
D:5:      layout_rooms, lemuel_doored_altar, first_ration, dk_noncrumbling_3,
          minmay_tree_intersection, uniq_prince_ribbit1, uniq_ijyb, uniq_duvessa
D:6:      layout_basic, serial_shops, nicolae_shop_trees, gammafunk_ghost_split,
          item_on_display_a
Temple:   jpeg_temple_alley_garden

Skill      XL: |  1  2  3  4  5  6  7  8 |
---------------+-------------------------+-----
Fighting       | 4 5 |  5.4
Axes           | 3 4 6 7 8 9 |  9.1
Shields        | 4 5 |  5.5
Armour         | 4 5 |  5.8
Dodging        | 1 |  1.1
Stealth        | |  0.5

Action                   |  1- 3 |  4- 6 |  7- 9 || total
-------------------------+-------+-------+-------++-------
Melee: War axe           |   131 |   200 |   142 ||   473
  Use: Scroll            |     4 |     4 |     2 ||    10
  Eat: Chunk             |     1 |     5 |       ||     6
       Ration            |     1 |       |     2 ||     3
Armor: Scale mail        |    61 |    66 |       ||   127
       Chain mail        |       |    37 |    87 ||   124
Dodge: Dodged            |    33 |    69 |    27 ||   129
Block: Shield            |    81 |    84 |    74 ||   239
